 Dungeon Crawl Stone Soup version 0.30-a0-165-g1891117ce2 (webtiles) character file.

Game seed: 14045084539337921748

291 ragingrage the Ruffian (level 6, 0/59 HPs)
             Began as a Troll Fighter on Sept 28, 2022.
             Killed by divine providence
             ... invoked by an orc priest
              (14 damage)
             ... on level 4 of the Dungeon.
             The game lasted 00:01:59 (2243 turns).

ragingrage the Ruffian (Troll Fighter)              Turns: 2243, Time: 00:01:59

Health: 0/59       AC:  4    Str: 27    XL:     6   Next: 10%
Magic:  5/5        EV:  8    Int:  4    God:
Gold:   243        SH:  7    Dex:  9    Spells: 5/5 levels left

rFire   . . .      SeeInvis .      - Unarmed
rCold   . . .      Faith    .    b - +0 kite shield
rNeg    . . .      Spirit   .    a - +0 robe
rPois   .          Reflect  .    (helmet restricted)
rElec   .          Harm     .    (no cloak)
rCorr   .          Rampage  .    (gloves unavailable)
Will    .....                    (boots unavailable)
Stlth   +.........               (no amulet)
HPRegen 0.99/turn                (no ring)
MPRegen 0.09/turn                (no ring)

@: no status effects
A: large, unfitting armour, claws 3, regeneration 1, shaggy fur 1, tough skin 1
a: no special abilities


You were on level 4 of the Dungeon.
You visited 1 branch of the dungeon, and saw 4 of its levels.

You collected 243 gold pieces.

Inventory:

Missiles
 t - 7 poisoned darts (quivered)
 u - 4 boomerangs
Armour
 a - a +0 robe (worn)
 b - a +0 kite shield (worn)
Jewellery
 j - a +4 ring of evasion
Wands
 s - a wand of iceblast (13)
Scrolls
 e - a scroll of summoning {unknown}
 f - 2 scrolls of identify {unknown}
 h - 2 scrolls of teleportation {unknown}
 k - a scroll of magic mapping {unknown}
 n - a scroll of enchant weapon {unknown}
 o - 2 scrolls of poison {unknown}
 q - a scroll of fog {unknown}
 r - a scroll of amnesia {unknown}
Potions
 c - a potion of might
 d - 5 potions of mutation {unknown}
 g - a potion of cancellation {unknown}
 i - 2 potions of flight {unknown}
 l - a potion of curing {unknown}
 m - a potion of lignification {unknown}
 p - a potion of haste {unknown}
 v - a potion of magic {unknown}


   Skills:
 - Level 2.4 Fighting
 - Level 2.4 Dodging
 - Level 2.6 Shields
 + Level 6.5 Unarmed Combat


You had 5 spell levels left.
You didn't know any spells.
Your spell library contained the following spells:

 Spells                   Type           Power      Damage    Failure   Level
 Sandblast                Erth           0%         2d4       80%         1
 Slow                     Hex            0%         N/A       80%         1
 Passwall                 Tmut/Erth      0%         N/A       91%         2
 Confusing Touch          Hex            0%         N/A       99%         3
 Stone Arrow              Conj/Erth      0%         3d7       99%         3
 Vampiric Draining        Necr           0%         2d6       99%         3


Dungeon Overview and Level Annotations

Branches:
Dungeon (4/15)
 Temple: D:4-7

Altars:

Annotations:
D:4 Blork the orc, Edmund


Innate Abilities, Weirdness & Mutations

You are too large for most types of armour.
You have claws for hands.
Your natural rate of healing is unusually fast.
You are covered in fur. (AC +1)
You have tough skin. (AC +1)


Message History

You claw the worm!
You kill the worm!
You block the orc's attack.
The goblin shoots a sling bullet.
The sling bullet barely misses you.
You hear a shout! x2
The orc hits you with a +0 trident.
You closely miss the orc. The orc barely misses you.
You mangle the orc!!
You kill the orc!
Blork the orc, Edmund and an orc priest come into view.
Edmund is wielding a +1 flail of protection and wearing a +2 chain mail of fire resistance.
Blork the orc shouts!
Edmund shouts!
The orc priest shouts!
An orc priest comes into view. It is wielding a +0 club.
The goblin shoots a sling bullet.
The sling bullet barely misses you.
The orc priest moves out of view.
Found 7 gold pieces.
Found a stone staircase leading down.
The orc priest shouts!
The orc priest hits you with a +0 mace.
The orc priest calls down the wrath of Beogh upon you.
Beogh smites you!
The goblin shoots a sling bullet.
The sling bullet completely misses you.
You see here a scorpion corpse.
You are too injured to fight recklessly!
An orc comes into view. It is wielding a +0 club.
Okay, then.
The orc priest attacks as you move away!
You block the orc priest's attack.
The orc priest attacks as you move away!
The orc priest hits you with a +0 club.
The orc priest attacks as you move away!
The orc priest hits you with a +0 club.
The orc priest calls down the wrath of Beogh upon you.
Beogh smites you!
* * * LOW HITPOINT WARNING * * *
The orc priest attacks as you move away!
The orc priest hits you with a +0 mace.
* * * LOW HITPOINT WARNING * * *
The orc priest invokes the aid of Beogh against you.
Beogh smites you!
You die...

..#.###.## #......#
#.#
####.##...###......#
#.#
................[.#
#.#
..................#
#.#
.##.###.####.....##
#.# #. #.#
###...#####.# . ##.#
#...........# . ..#
#.#...####### #.#
#@##.## . ##.#
#o##.#
..##..)##.##.#
........o.##.#
>......#@$##.#
#.....o.?...#
#$....#..####
#.....#..#
###o###).#


You could see Edmund, Blork the orc and 2 orc priests.

Vanquished Creatures
  A phantom (D:4)
  A scorpion (D:4)
  An orc priest (D:4)
  An orc wizard (D:3)
  An adder (D:4)
  3 worms
  4 dart slugs
  4 orcs
  7 ball pythons
  7 endoplasms
  7 giant cockroaches
  6 goblins
  A hobgoblin (D:2)
  5 jackals
  9 kobolds
  4 quokkas
  10 bats
  2 frilled lizards
  4 rats
78 creatures vanquished.

Notes
Turn   | Place    | Note
-------+----------+-------------------------------------------
     0 | D:1      | ragingrage the Troll Fighter began the quest for the Orb.
     0 | D:1      | Reached XP level 1. HP: 22/22 MP: 0/0
    57 | D:1      | Reached XP level 2. HP: 29/29 MP: 1/1
   118 | D:1      | Found a faded altar of an unknown god.
   139 | D:1      | Reached skill level 3 in Unarmed Combat
   500 | D:1      | Reached XP level 3. HP: 36/36 MP: 2/2
   983 | D:2      | Reached skill level 4 in Unarmed Combat
  1351 | D:4      | Reached XP level 4. HP: 44/44 MP: 3/3
  1396 | D:3      | Reached skill level 5 in Unarmed Combat
  1514 | D:3      | Reached XP level 5. HP: 50/50 MP: 4/4
  2155 | D:4      | Noticed a phantom
  2173 | D:4      | Killed a phantom
  2174 | D:4      | Reached skill level 6 in Unarmed Combat
  2191 | D:4      | Identified the +8 ring mail of the Louse {+Inv rC+ Dex+3}
  2230 | D:4      | Reached XP level 6. HP: 59/59 MP: 5/5
  2237 | D:4      | Noticed Blork the orc
  2237 | D:4      | Noticed Edmund
  2243 | D:4      | Killed from afar by an orc priest

Illustrated notes

Levels and vault maps discovered:
D:1:      elethiomel_arrival_infinity_welcomes_careful_drivers, layout_rooms,
          ebering_ecumenical_altar_box
D:2:      layout_basic
D:3:      layout_basic
D:4:      layout_loops_ring, nzn_wu_jian_contemplation,
          nicolae_hepliaklqana_monster_ancestors, uniq_pikel,
          uniq_blork_the_orc, uniq_edmund

Skill      XL: |  1  2  3  4  5 |
---------------+----------------+-----
Unarmed Combat | 3 4 5 6 |  6.5
Fighting       | |  2.4
Dodging        | |  2.4
Shields        | |  2.6

Action                   |  1- 3 |  4- 6 || total
-------------------------+-------+-------++-------
Melee: Unarmed           |   154 |    62 ||   216
 Stab: Sleeping          |     1 |       ||     1
Armor: Robe              |    54 |    13 ||    67
Dodge: Dodged            |    50 |    28 ||    78
Block: Kite shield       |    69 |    26 ||    95

Table legend: (Time is in decaauts)
 A = Elapsed time spent in this place.
 B = Non-inter-level travel time spent in this place.
 C = Inter-level travel time spent in this place.
 D = Time resting spent in this place.
 E = Time spent auto-exploring this place.
 F = Levels seen in this place.
 G = Mean time per level.
                   A        B        C        D        E       F      G
               +--------+--------+--------+--------+--------+-----+--------+
         Total |   2257 |   2181 |     76 |      6 |   1620 |   4 |  564.2 |
       Dungeon |   2257 |   2181 |     76 |      6 |   1620 |   4 |  564.2 |
               +--------+--------+--------+--------+--------+-----+--------+

Top non-repeatable levels by time:
     D:3: 964 daAuts
     D:1: 637 daAuts
     D:2: 517 daAuts
     D:4: 138 daAuts
